[Event "Late-Titled-Tuesday-Blitz-September-12-2023"]
[Site "Chess.com"]
[Date "2023.09.12"]
[Round "10"]
[White "K_A_S_T_O_R"]
[Black "Jospem"]
[Result "0-1"]
[WhiteElo "2933"]
[BlackElo "3091"]
[TimeControl "180+1"]
[EndTime "15:51:41 PDT"]
[Termination "Jospem won on time"]

1. e4 c5 2. Nf3 d6 3. d4 cxd4 4. Nxd4 a6 5. Nc3 e6 6. g4 b5 7. Bg2 Bb7 8. g5 Ne7 9. h4 Nec6 10. Nde2 Be7 11. f4 b4 12. Na4 Nd7 13. Be3 Qa5 14. b3 Nc5 15. Nb2 Qc7 16. O-O Na7 17. Ng3 Nb5 18. f5 Nc3 19. Qg4 g6 20. fxe6 fxe6 21.
Bd4 e5 22. Bxc3 bxc3 23. Nc4 Bc8 24. Qf3 Be6 25. Qxc3 h6 26. h5 O-O-O 27. hxg6 Bxg5 28. Nf5 Rhg8 29. b4 Nb7 30. Nb6+ Kb8 31. Qxc7+ Kxc7 32. Nd5+ Bxd5 33. exd5 Rxg6 34. Kh1 Bf4 35. Bh3 Rg5 36. Rf3 Kb6 37. Rc3 e4 38. Rf1 Be5 39. Rc6+ Ka7 40.
Ne7 Rh5 41. Kg2 Rg5+ 42. Kh1 Rg3 43. Be6 e3 44. Re1 Rf8 45. Rc4 Rf2 46. Nc6+ Ka8 47. Nxe5 dxe5 48. Rc8+ Ka7 49. Rc7 Kb8 50. Rc8+ Ka7 51.
Rc7 Kb6 52. Rc6+ Kb5 53. Bd7 Kxb4 54. Rb6+ Kc5 55. Rxb7 e2 56. Rbb1 Rgg2 57. Bh3 Rg3 58. Be6 a5 59. Rb3 Rf1+ 60. Kh2 Rxe1 61. Rxg3 Rh1+ 62. Kxh1 e1=Q+ 63. Kg2 Qd2+ 64. Kh3 Qxc2 65. a3 e4 66. Kg4 Qe2+ 67. Kf4 Qf2+ 68. Kg4 e3 69.
Rf3 Qg2+ 70. Kf4 e2 71. Re3 Qf2+ 0-1

[Event "Late-Titled-Tuesday-Blitz-September-12-2023"]
[Site "Chess.com"]
[Date "2023.09.12"]
[Round "10"]
[White "Nigerianprodigy"]
[Black "MBA_CHESS_2021"]
[Result "1-0"]
[WhiteElo "2372"]
[BlackElo "2207"]
[TimeControl "180+1"]
[EndTime "15:51:45 PDT"]
[Termination "Nigerianprodigy won by checkmate"]

1. e4 e5 2. Nf3 Nc6 3. Bb5 Nd4 4. Bc4 Nxf3+ 5. Qxf3 Qf6 6. Qe2 Bc5 7. d3 d6 8.
Be3 Be6 9. Nd2 Bb6 10. O-O g5 11. Bxe6 fxe6 12. Qh5+ Qg6 13. Qxg5 Qxg5 14. Bxg5 h6 15.
Be3 Ne7 16. Nc4 O-O-O 17. a4 Rdg8 18. a5 Bd4 19. c3 Bxe3 20. fxe3 Rg7 21. Rf6 Kd7 22.
Raf1 Rhg8 23. g3 h5 24. Rh6 b5 25. axb6 axb6 26. Rxh5 Ra8 27. Rf2 Ra1+ 28. Kg2 Rd1 29.
d4 b5 30. Nd2 Nc6 31. Nf3 exd4 32. exd4 b4 33. d5 exd5 34. exd5 Ne7 35. c4 Rc1 36. b3 Rf7 37. Nd4 Rxf2+ 38. Kxf2 Rd1 39. Ke3 Re1+ 40. Kd2 Rh1 41. Rh7 Ke8 42. Ne6 Nf5 43.
Nxc7+ Kd8 44. Ne6+ Ke8 45. c5 dxc5 46. Nxc5 Nxg3 47.
d6 Rxh2+ 48. Rxh2 Nf1+ 49. Kd3 Nxh2 50. Kc4 Nf3 51. Kxb4 Nd4 52. Kc4 Nf5 53. Kd5 Ne3+ 54. Kc6 Nf5 55. d7+ Ke7 56. Nb7 Nd4+ 57. Kc7 Ne6+ 58. Kc8 Kf6 59. b4 Ke5 60. b5 Kd5 61.
Kb8 Kc4 62. b6 Kb5 63. Ka7 Kc6 64. d8=Q Nxd8 65. Nxd8+ Kd7 66. b7 Kd6 67. b8=Q+ Kc5 68. Nf7 Kd5 69. Nh8 Ke6 70. Qb6+ Kd5 71. Kb7 Kc4 72. Nf7 Kd5 73. Kc7 Ke4 74. Qc6+ Kf5 75.
Kd7 Kg4 76. Qd6 Kf5 77. Qe6+ Kf4 78. Nd8 Kg5 79. Nc6 Kf4 80. Kd6 Kg5 81. Qf7 Kh6 82. Ke5 Kg5 83. Qg7+ Kh4 84. Kf4 Kh5 85. Qg5# 1-0

[Event "Late-Titled-Tuesday-Blitz-September-12-2023"]
[Site "Chess.com"]
[Date "2023.09.12"]
[Round "10"]
[White "FredyMatsuura"]
[Black "Der_Honigdachs"]
[Result "1-0"]
[WhiteElo "2376"]
[BlackElo "2523"]
[TimeControl "180+1"]
[EndTime "15:51:50 PDT"]
[Termination "FredyMatsuura won by resignation"]

1. d4 g6 2. e4 Bg7 3. Nf3 d6 4. Bc4 e6 5. O-O Ne7 6. Re1 O-O 7. c3 a6 8. a4 b6 9. Nbd2 Bb7 10. Qe2 Nd7 11.
h3 c5 12. Nf1 cxd4 13. cxd4 d5 14. exd5 Nxd5 15. Ne5 Nxe5 16. dxe5 Qh4 17. Bd3 Nf4 18. Bxf4 Qxf4 19. Ng3 h5 20. b3 h4 21. Nf1 Rfd8 22. Rad1 Qg5 23. Qg4 Qxg4 24. hxg4 Rd4 25. Bc4 Rxd1 26.
Rxd1 Bxe5 27. Ne3 Bc6 28. Rc1 Be8 29. Be2 g5 30. Nc4 Bd4 31. Rd1 e5 32. Bf3 Rd8 33. Kf1 f6 34. Bb7 b5 35. axb5 axb5 36. Ne3 Bf7 37.
Rd3 Bg6 38. Nf5 b4 39. Ne7+ Kf7 40. Nxg6 Kxg6 41. Be4+ Kf7 42. Ke2 Rc8 43. Bd5+ Ke7 44. Bc4 Ra8 45. Rd2 Ra1 46. Kf3 Rc1 47. Ra2 Kd7 48.
Ke4 Rxc4 49. bxc4 b3 50. Ra5 Bxf2 51. Rb5 Kc6 52. Rxb3 Kc5 53. Rf3 Bg3 54. Kd3 Bf4 55. Rf1 e4+ 56. Kxe4 Kxc4 57. Kf5 Be5 58. Rd1 Bc3 59. Rd8 Be5 60. Rd1 Kc3 61. Ke6 Kc2 62. Rd8 Kc3 63. Kf5 Kc4 64. Ke6 Bb2 65. Rd6 Kc5 66.
Ke7 Ba3 67. Rxf6 Kd5+ 68. Kf7 Ke4 69. Rf5 Bc1 70. Kg6 Ke3 71. Kxg5 Ke4+ 72. Kxh4 Bd2 73.
Kh5 Be1 74. Rf1 Bd2 75. g5 Be3 76. Kh6 1-0

[Event "Late-Titled-Tuesday-Blitz-September-12-2023"]
[Site "Chess.com"]
[Date "2023.09.12"]
[Round "10"]
[White "azikom"]
[Black "Jaka_Brilej"]
[Result "1-0"]
[WhiteElo "2644"]
[BlackElo "2450"]
[TimeControl "180+1"]
[EndTime "15:51:52 PDT"]
[Termination "azikom won on time"]

1. e4 e6 2. d4 d5 3. e5 c5 4. c3 Nc6 5. Nf3 Qb6 6. a3 Nh6 7. b4 cxd4 8. cxd4 Nf5 9. Bb2 Be7 10. Be2 Bd7 11. O-O h5 12. Qd3 g5 13. Rd1 g4 14.
Ne1 Rg8 15. Nc2 h4 16. Nc3 g3 17. fxg3 hxg3 18. h3 Bg5 19. Na4 Qd8 20. Nc5 b6 21. Nxd7 Qxd7 22. Rf1 Rc8 23. Bg4 Nh6 24. Bh5 Ne7 25. Ne3 Nef5 26. Nxf5 Nxf5 27. Rae1 Qa4 28. Rxf5 Qc2 29. Qxc2 Rxc2 30. Bxf7+ Ke7 31. Bxg8 exf5 32. Ba1 Bd2 33. Rf1 Be3+ 34. Kh1 Rf2 35. Rb1 Rd2 36. Bxd5 Bxd4 37. Bxd4 Rxd4 38. Bf3 Rd3 39. a4 Rd4 40. a5 Ke6 41. axb6 axb6 42. Kg1 Kxe5 43. b5 Kf4 44. Kf1 Rd2 45. Rb4+ Kg5 46. h4+ Kf6 47. Rc4 Ke5 48. Rc6 Rb2 49. Rxb6 Kd4 50. Rd6+ Ke5 51. Rd5+ Kf4 52. h5 Ke3 53. Re5+ Kf4 54. Rc5 Ke3 55. Rc1 Rxb5 56. Re1+ Kf4 57. Kg1 Rb6 58. Rf1 Kg5 59.
Rc1 Rd6 60. Kf1 Rd2 61. Ke1 Rb2 62. Rc4 Rb1+ 63. Kd2 Rb2+ 64. Ke3 Rb3+ 65. Kd4 Ra3 66. Rc6 Ra4+ 67. Ke5 Ra5+ 68. Ke6 Ra3 69. Rd6 f4 70. Ke5 Ra5+ 71. Rd5 Ra3 72. Ke4+ Kh4 73. h6 Ra6 74. Ke5 Rxh6 75. Kxf4 Rf6+ 76. Ke4 1-0

[Event "Late-Titled-Tuesday-Blitz-September-12-2023"]
[Site "Chess.com"]
[Date "2023.09.12"]
[Round "10"]
[White "RaphaeI"]
[Black "OYAcosta"]
[Result "1-0"]
[WhiteElo "2576"]
[BlackElo "2238"]
[TimeControl "180+1"]
[EndTime "15:51:52 PDT"]
[Termination "RaphaeI won by checkmate"]

1. c4 c6 2. d4 d5 3. Nf3 Nf6 4. e3 a6 5. Nc3 Bf5 6. Bd2 e6 7.
Nh4 Bg4 8. f3 Bh5 9. g3 Be7 10.
Be2 O-O 11. O-O Nfd7 12. Ng2 Bg6 13. Nf4 Bd6 14. Nxg6 fxg6 15. c5 Bc7 16. f4 Nf6 17. b4 Nbd7 18. Bd3 Rf7 19. g4 Nf8 20. g5 Nh5 21. Be2 Qe8 22. a4 h6 23. gxh6 gxh6 24.
b5 Ng7 25. bxa6 bxa6 26. Kh1 Nf5 27. Rg1 Rg7 28. Qf1 Nh7 29. Bxa6 Nf6 30. Bd3 h5 31. Nd1 Qe7 32. Nf2 Ba5 33. Bxa5 Rxa5 34. Qe1 Qa7 35.
Bc2 Nh4 36. Qe2 Qa6 37. Qxa6 Rxa6 38. a5 Rga7 39. Bxg6 Kf8 40. Nd3 Rxa5 41. Rxa5 Rxa5 42. Ne5 Ra6 43. Bd3 Ra3 44. Rd1 Ng4 45. Nxg4 hxg4 46.
Be2 Rxe3 47. Bxg4 Ng6 48. Kg1 Nxf4 49. Kf2 Ra3 50. Rb1 Ke7 51. Rb6 Kd7 52. Rb7+ Ke8 53.
Rc7 Ra6 54. Kg3 Nd3 55. Bxe6 Kd8 56. Rd7+ Ke8 57. h4 Ra3 58. Kg4 Nf2+ 59. Kg5 Rg3+ 60.
Kh6 Ne4 61. Rc7 Nf6 62. Rxc6 Ke7 63. Bf5 Rf3 64. Re6+ Kf7 65. Re5 Ng8+ 66. Kg5 Rg3+ 67. Kf4 Rg1 68. Rxd5 Kf6 69. Rd6+ Ke7 70. Rd7+ Kf6 71.
Rd6+ Ke7 72. Bh3 Nf6 73. Re6+ Kf7 74. Ke5 Re1+ 75. Kd6 Ne8+ 76. Rxe8 Kxe8 77. c6 Kd8 78. c7+ Ke8 79. c8=Q+ Kf7 80. Qf5+ Kg7 81. Qg5+ Kh7 82. Qh5+ Kg7 83. Bf5 Kf6 84. Qg6# 1-0

[Event "Late-Titled-Tuesday-Blitz-September-12-2023"]
[Site "Chess.com"]
[Date "2023.09.12"]
[Round "10"]
[White "ural58"]
[Black "chessdjw"]
[Result "1/2-1/2"]
[WhiteElo "2553"]
[BlackElo "2718"]
[TimeControl "180+1"]
[EndTime "15:52:24 PDT"]
[Termination "Game drawn - insufficient material"]

1. e4 e5 2. Nf3 Nc6 3. Bc4 Nf6 4. Ng5 d5 5. exd5 b5 6. Bf1 Nxd5 7. Bxb5 Bb7 8. d4 Nf6 9. Bc4 Qxd4 10. Bxf7+ Ke7 11.
Qe2 h6 12. Nf3 Qg4 13. Bb3 Rd8 14. Be3 Kd7 15. Nbd2 Kc8 16. O-O-O Kb8 17. Rhg1 Qg6 18. Nh4 Qh7 19. Nc4 Nd4 20. Bxd4 exd4 21. Na5 c6 22.
Nxb7 Kxb7 23. Bc4 Qe4 24. g3 Qxe2 25. Bxe2 Bb4 26. Bd3 Rhe8 27. a3 Bc5 28. Nf5 Rd7 29. Rge1 a5 30. Rxe8 Nxe8 31. Re1 Nd6 32. Nh4 g5 33. Nf3 Bb6 34. Ne5 Re7 35. Re2 c5 36. Ng6 Rxe2 37. Bxe2 c4 38. Bf3+ Kc7 39. Kd2 d3 40.
cxd3 Bxf2 41. d4 Bxd4 42. Kc2 Bg1 43. h4 Bh2 44. g4 Kd7 45. hxg5 hxg5 46. Bd5 a4 47.
Kc3 Bg3 48. Bxc4 Nxc4 49. Kxc4 Ke8 50. Kd5 Kf7 51. Ne5+ Kf6 52. Nd3 Ke7 53. Kc4 Ke6 54. Nc5+ Ke5 55. Nxa4 Kf4 56. Nc5 Kxg4 57. b4 Kf3 58. a4 g4 59. a5 Bb8 60. Nd7 Ba7 61. b5 g3 62. b6 Bxb6 63. axb6 g2 64. b7 g1=Q 65. b8=Q Qc1+ 66. Kd5 Qd2+ 67. Ke6 Qh6+ 68. Nf6 Qe3+ 69. Kf7 Qc3 70. Qb7+ Ke2 71. Qe4+ Qe3 72. Qc4+ Qd3 73. Qg4+ Qf3 74. Qg5 Qb7+ 75. Kg6 Qb1+ 76. Kg7 Qb7+ 77. Kh6 Qh1+ 78. Nh5 Qc6+ 79. Kh7 Qb7+ 80.
Ng7 Qh1+ 81. Kg6 Qe4+ 82. Nf5 Qc6+ 83. Kh5 Qh1+ 84. Nh4 Qe4 85. Qf6 Qd5+ 86. Kh6 Qd2+ 87. Kg6 Qd3+ 88. Nf5 Qe4 89. Qg5 Qe6+ 90. Kh5 Qe8+ 91.
Kh4 Qe4+ 92. Kh3 Qh1+ 93. Kg4 Qf3+ 94. Kh4 Qh1+ 95. Kg4 Qf3+ 96. Kh4 Qh1+ 97. Kg3 Qg1+ 98. Kf4 Qxg5+ 99. Kxg5 1/2-1/2

[Event "Late-Titled-Tuesday-Blitz-September-12-2023"]
[Site "Chess.com"]
[Date "2023.09.12"]
[Round "10"]
[White "The_Princess_Moon"]
[Black "F-Ghaith2021"]
[Result "0-1"]
[WhiteElo "2286"]
[BlackElo "2391"]
[TimeControl "180+1"]
[EndTime "15:53:06 PDT"]
[Termination "F-Ghaith2021 won on time"]

1. e4 c6 2. d4 d5 3. exd5 cxd5 4. Bd3 Nf6 5. c3 Nc6 6. h3 e5 7.
dxe5 Nxe5 8. Bb5+ Bd7 9. Bxd7+ Qxd7 10. Nf3 Bd6 11. O-O O-O 12. Nxe5 Bxe5 13. Re1 Rfe8 14. Bg5 Qf5 15. Bxf6 Bxf6 16. Nd2 d4 17. cxd4 Bxd4 18.
Qf3 Qxf3 19. Nxf3 Bxb2 20. Rab1 Rxe1+ 21. Nxe1 Bc3 22. Nc2 Rb8 23. Rd1 a5 24. Rd3 Bf6 25. Rd7 b5 26. Ra7 Bc3 27. Kf1 h6 28. Ke2 b4 29. Kd3 Rd8+ 30. Kc4 Rd2 31. Kb3 Rxf2 32. Rxa5 Rxg2 33. Nxb4 Be1 34. Ra8+ Kh7 35. Nd3 Bh4 36. a4 Rg6 37. a5 Rd6 38. Kc4 Rc6+ 39. Kd5 Rc3 40. Ne5 f5 41. Nd7 Bf2 42. Nf8+ Kg8 43. Ne6+ Kf7 44. Rf8+ Kg6 45. Nf4+ Kg5 46. Ne6+ Kg6 47. Nf4+ Kh7 48. Rxf5 Rc5+ 49. Ke6 Rc6+ 50. Kd7 Ra6 51. Ne6 Be1 52. Nc5 Rxa5 53. Ke6 Bb4 54. Nd7 Ra6+ 55. Kf7 Ra7 56. Ke6 Ra6+ 57. Kf7 Ra7 58.
Ke6 Kg6 59. Rd5 Ra6+ 60. Ke5 Bc3+ 61. Ke4 Ra4+ 62. Kd3 Ba1 63. Ne5+ Bxe5 64. Rxe5 Ra3+ 65. Ke4 Rxh3 66. Kf4 Rh5 67. Re6+ Kf7 68. Rb6 Rc5 69. Rb7+ Kg8 70. Rb6 Kh7 71. Kg4 Rc4+ 72. Kf5 Rc5+ 73. Kg4 Rc8 74. Kh4 Rf8 75. Kg4 Rf6 76. Rb7 Kg6 77.
Rb5 Re6 78. Ra5 Kf6 79. Rf5+ Kg6 80. Ra5 Re4+ 81. Kf3 Rb4 82. Kg3 h5 83. Kh3 Kh6 84. Kg3 g5 85. Ra6+ Kg7 86. Kf3 Rb3+ 87. Ke4 h4 88. Kf5 Rg3 89. Ra7+ Kf8 90. Kf6 Ke8 91. Re7+ Kd8 92. Rh7 Kc8 93. Ke6 Kd8 94. Kf6 Kc8 95. Ke6 Kb8 96. Kf5 Ka8 97. Kf6 Kb8 98. Ke6 h3 99. Kf5 Kc8 100. Ke4 Kd8 101. Kf5 Ke8 102. Kg6 Kf8 103. Kf6 Kg8 104. Rg7+ Kh8 105. Rd7 Kg8 106. Rg7+ Kf8 107. Rh7 Ke8 108. Ke6 Kd8 109. Kd6 Kc8 110. Kc6 Rc3+ 111. Kd6 g4 112. Ke5 Rg3 113. Kf4 Rg2 114. Rh4 h2 115. Rh7 Kd8 116. Ke4 g3 117. Kf3 Rg1 118. Kg4 h1=Q 0-1

[Event "Late-Titled-Tuesday-Blitz-September-12-2023"]
[Site "Chess.com"]
[Date "2023.09.12"]
[Round "10"]
[White "Francisco_Ferrari"]
[Black "Jenia84"]
[Result "1/2-1/2"]
[WhiteElo "2246"]
[BlackElo "2376"]
[TimeControl "180+1"]
[EndTime "15:53:07 PDT"]
[Termination "Game drawn - insufficient material"]

1. e4 c5 2. Nf3 d6 3. d4 cxd4 4. Nxd4 Nf6 5. Nc3 a6 6. h3 e5 7.
Nf3 Be7 8. g4 Be6 9. g5 Nfd7 10.
h4 Nc6 11. Be3 b5 12. Nd5 Nc5 13. Bxc5 dxc5 14. c4 Qa5+ 15. Qd2 Qxd2+ 16. Kxd2 O-O-O 17. Ke3 Bxd5 18. cxd5 Nd4 19. Nxe5 Nc2+ 20. Kd2 Nxa1 21. Bh3+ Kb7 22. Rxa1 Rhf8 23. Nc6 Rde8 24. Bd7 Bxg5+ 25.
hxg5 Rxe4 26. Kd3 Rf4 27. Ke3 Rh4 28. Kf3 Kc7 29. Bg4 f5 30. gxf6 Rxf6+ 31. Kg3 Rhh6 32. Re1 Kd6 33. Re6+ Kxd5 34. Ne7+ Kc4 35. Be2+ Kd4 36. Nc6+ Kd5 37. Rxf6 Rxf6 38. Ne7+ Kd6 39. Nc8+ Kc7 40.
Ne7 Re6 41. Nd5+ Kd6 42. Nf4 Re4 43. Kf3 Rb4 44. b3 c4 45. bxc4 bxc4 46. Ke3 g5 47.
Nh3 h6 48. Kd4 Ra4 49. Bxc4 Ra3 50. Ng1 h5 51. Ne2 h4 52. Bd3 h3 53. Ng3 h2 54. Be4 Rxa2 55. Nf5+ Ke6 56. Ne3 Ra1 57. Bd5+ Kd7 58. Kc5 h1=Q 59. Bxh1 Rxh1 60. Nc4 Rh2 61. Ne5+ Ke8 62. Ng4 Rg2 63. Nf6+ Kf7 64. Ne4 Ke6 65. Kd4 Kf5 66. Ke3 g4 67. Nc5 Rg1 68. Nxa6 Rc1 69.
Nb8 Rc3+ 70. Kd4 Rc7 71. Kd5 Kf4 72. Kd6 Rb7 73. Nc6 Kf3 74. Ne5+ Kxf2 75. Nxg4+ Kg3 76. Ne5 Rb6+ 77. Kd5 Kf4 78. Nc4 Rb5+ 79. Kc6 Rb4 80. Kc5 Rb1 81. Kd4 Rc1 82. Nd2 Rd1 83. Kd3 Ra1 84. Nb3 Ra3 85. Kc4 Ra8 86. Nc5 Ke5 87. Nd3+ Kd6 88. Kd4 Rc8 89. Nf4 Rb8 90. Nd3 Rb3 91. Kc4 Ra3 92. Nb4 Ra8 93. Kb5 Rb8+ 94. Kc4 Rb7 95. Nd3 Rb6 96. Kd4 Rb5 97. Kc4 Rd5 98.
Nb4 Rh5 99. Kd4 Rh4+ 100. Kc3 Kc5 101. Nd3+ Kd5 102. Nb4+ Ke4 103. Kc4 Ke5+ 104. Kc5 Ke6 105. Nc6 Rh5+ 106. Kb6 Kd6 107. Nb4 Rh6 108. Kb5 Rh4 109. Na6 Rd4 110. Nb4 Re4 111. Na6 Kd5 112. Nb4+ Kd4 113. Nc6+ Kd5 114. Nb4+ Kd6 115. Na6 Re5+ 116. Kb6 Re6 117. Nc5 Kd5+ 118. Nxe6 1/2-1/2

[Event "Late-Titled-Tuesday-Blitz-September-12-2023"]
[Site "Chess.com"]
[Date "2023.09.12"]
[Round "10"]
[White "IMRosen"]
[Black "Igor_Lysyj"]
[Result "0-1"]
[WhiteElo "2603"]
[BlackElo "2819"]
[TimeControl "180+1"]
[EndTime "15:53:10 PDT"]
[Termination "Igor_Lysyj won by checkmate"]

1. e4 e5 2. Nf3 Nc6 3. c3 d5 4. Qa4 Qd6 5. d4 Bd7 6. Bb5 exd4 7. exd5 Qxd5 8. O-O Bd6 9. cxd4 Nge7 10. Nc3 Qh5 11. d5 Nb8 12. Bxd7+ Nxd7 13. Re1 a6 14. Ne4 Qxd5 15. Nxd6+ cxd6 16. Bf4 b5 17. Qb4 Nc5 18. Rad1 Qc4 19. Qxc4 bxc4 20. Rxe7+ Kxe7 21. Bxd6+ Ke6 22. Bxc5 Rhd8 23. Bd4 f6 24. Re1+ Kf7 25. Bc3 Rd5 26. g3 Rad8 27. Kg2 g5 28. Re4 Rc8 29. Nd2 Rdc5 30. Rd4 R8c7 31. Ne4 R5c6 32. Rd5 Kg6 33. g4 Re7 34. f3 h6 35. Kf2 Ree6 36. h3 h5 37. Rd8 h4 38. Rg8+ Kf7 39. Rd8 Kg6 40. Rd5 Rb6 41. Ke3 Rb5 42. Rd4 f5 43. gxf5+ Rxf5 44. Rxc4 g4 45. fxg4 Rf1 46. Rc5 Rh1 47. Rg5+ Kf7 48.
Rf5+ Kg6 49. Rf3 Rh2 50. Kd3 Rg2 51. a4 Rg1 52. g5 Kh5 53. Rf6 Rxf6 54. gxf6 Kg6 55.
Ke3 Rh1 56. Nf2 Rg1 57. Kf3 Rg3+ 58. Kf4 Rg2 59. Ng4 Rg3 60. Ne5+ Kxf6 61. Nf3+ Ke6 62. Nxh4 Rxh3 63. Nf3 Kd5 64. Nd2 Rd3 65. Kf5 Rh3 66. Kf6 Rh4 67. b3 Rh3 68. Ba5 Rd3 69. Ke7 Kc6 70. Ke6 Re3+ 71. Kf5 Kd5 72. Kf4 Rd3 73. Kg4 Re3 74. Kg5 Rd3 75. Kf6 Re3 76. Kf7 Rd3 77. Ke7 Kc6 78. Ke6 Re3+ 79. Kf5 Kd5 80. Kf4 Rd3 81. Bb4 Rh3 82. Kg4 Rd3 83. a5 Rd4+ 84. Kf3 Rxb4 85. Ke3 Rb5 86. Nb1 Rxa5 87. Kd3 Kc5 88. Kc3 Ra2 89. Nd2 Ra1 90. Nc4 Rc1+ 91. Kb2 Rh1 92. Ka3 Kb5 93. Nd6+ Kb6 94. Nc4+ Kc5 95. Ne5 Ra1+ 96. Kb2 Rf1 97. Ka3 Kb5 98. Nc4 Rf3 99. Nd6+ Kc5 100. Ne4+ Kb6 101. Nd2 Rh3 102. Nc4+ Kc5 103. Ne5 a5 104. Nd7+ Kb5 105. Kb2 Kb4 106. Nf6 Rxb3+ 107. Ka2 Rf3 108. Nd5+ Ka4 109. Nb6+ Kb5 110. Nc8 Kb4 111. Nb6 Rf2+ 112. Kb1 a4 113.
Nd5+ Kb3 114. Kc1 a3 115. Kd1 a2 116. Ke1 Rh2 117. Ne3 a1=Q+ 118. Nd1 Qb1 119. Kf1 Qxd1# 0-1

[Event "Late-Titled-Tuesday-Blitz-September-12-2023"]
[Site "Chess.com"]
[Date "2023.09.12"]
[Round "11"]
[White "laiciffOneslraCsungaM"]
[Black "APOKALIPSA13"]
[Result "1/2-1/2"]
[WhiteElo "2322"]
[BlackElo "2258"]
[TimeControl "180+1"]
[EndTime "15:55:25 PDT"]
[Termination "Game drawn by agreement"]

1. d4 e5 2. dxe5 Nc6 3. Nf3 Qe7 4. Nc3 Nxe5 5. Bf4 Nxf3+ 6. gxf3 c6 7. Qd2 d5 8. O-O-O Be6 9. e4 O-O-O 10. Qe3 Qc5 11. Qxc5 Bxc5 12. exd5 cxd5 1/2-1/2

[Event "Late-Titled-Tuesday-Blitz-September-12-2023"]
[Site "Chess.com"]
[Date "2023.09.12"]
[Round "11"]
[White "Vyacheslav_N"]
[Black "azikom"]
[Result "0-1"]
[WhiteElo "2472"]
[BlackElo "2649"]
[TimeControl "180+1"]
[EndTime "15:55:28 PDT"]
[Termination "azikom won by resignation"]

1. e4 c5 2. Nf3 d6 3. d4 cxd4 4. Qxd4 a6 5. c4 Nc6 6. Qd1 g6 7. Nc3 Bg7 8. Be2 Bxc3+ 9. bxc3 Nf6 10. Qc2 Be6 11. Nd4 Rc8 12. Nxe6 fxe6 13. O-O Ne5 14.
Qb3 Qc7 15. f3 Nxc4 16. Bxc4 Qxc4 17. Qxb7 Qc6 18. Qa7 Kf7 19. Be3 Qxc3 20. Rac1 Qa3 21. Qb7 Qxe3+ 0-1

[Event "Late-Titled-Tuesday-Blitz-September-12-2023"]
[Site "Chess.com"]
[Date "2023.09.12"]
[Round "11"]
[White "Chessdreamer2020"]
[Black "andrzej"]
[Result "1-0"]
[WhiteElo "2525"]
[BlackElo "2439"]
[TimeControl "180+1"]
[EndTime "15:56:45 PDT"]
[Termination "Chessdreamer2020 won by checkmate"]

1. e4 e5 2. Nf3 Nf6 3. Nxe5 d6 4.
Nc4 Nxe4 5. Be2 d5 6. Ne3 c6 7.
O-O Bd6 8. Nc3 Nf6 9. d4 O-O 10. Bd3 Qc7 11. h3 Re8 12. Qf3 Nbd7 13. Nf5 Bf8 14.
Bf4 Qb6 15. b3 Ne4 16. Bxe4 dxe4 17. Nxe4 Qa5 18. Nfd6 Bxd6 19. Nxd6 Rf8 20. Rfe1 Nf6 21. Be5 Nd5 22. Bxg7 Kxg7 23. Qg3+ Kh8 24. Nxf7+ Rxf7 25. Re8+ Rf8 26. Rxf8# 1-0

[Event "Late-Titled-Tuesday-Blitz-September-12-2023"]
[Site "Chess.com"]
[Date "2023.09.12"]
[Round "11"]
[White "ozates"]
[Black "ckgchess"]
[Result "0-1"]
[WhiteElo "2584"]
[BlackElo "2895"]
[TimeControl "180+1"]
[EndTime "15:57:13 PDT"]
[Termination "ckgchess won by checkmate"]

1. e4 e5 2. Nf3 Nf6 3. Nxe5 d5 4. exd5 Qxd5 5. Nf3 Nc6 6. d4 Bg4 7. Be3 O-O-O 8. Be2 Bd6 9. c4 Qh5 10. Nc3 Rhe8 11.
d5 Ne5 12. Nxe5 Bxe5 13. h3 Bxc3+ 14. bxc3 Rxe3 15. fxe3 Qh4+ 16. Kf1 Bd7 17. Qd4 Ne4 18. Bf3 Qf2# 0-1

[Event "Late-Titled-Tuesday-Blitz-September-12-2023"]
[Site "Chess.com"]
[Date "2023.09.12"]
[Round "11"]
[White "Aleksandar-Topalov"]
[Black "dennisodessa"]
[Result "1-0"]
[WhiteElo "2388"]
[BlackElo "2501"]
[TimeControl "180+1"]
[EndTime "15:57:25 PDT"]
[Termination "Aleksandar-Topalov won by resignation"]

1. b3 e5 2. Bb2 Nc6 3. c4 Nf6 4. e3 d5 5. cxd5 Nxd5 6. a3 Be7 7.
Qc2 Be6 8. Nf3 f6 9. Be2 O-O 10. O-O Qd7 11. d3 Rac8 12. Nbd2 Rfd8 13. Rfd1 Qe8 14.
Rac1 Qf7 15. b4 Nb6 16. d4 exd4 17. Nxd4 Nxd4 18. Bxd4 Nd7 19. Bd3 c5 20. bxc5 Nxc5 21. Bxh7+ Kh8 22. Bg6 Qg8 23. Bxc5 Rxc5 24. Qe4 f5 25.
Qf3 1-0

[Event "Late-Titled-Tuesday-Blitz-September-12-2023"]
[Site "Chess.com"]
[Date "2023.09.12"]
[Round "11"]
[White "IMGC"]
[Black "Alexei_Gubajdullin"]
[Result "0-1"]
[WhiteElo "2442"]
[BlackElo "2614"]
[TimeControl "180+1"]
[EndTime "15:57:28 PDT"]
[Termination "Alexei_Gubajdullin won by resignation"]

1. d4 Nf6 2. Nf3 g6 3. e3 Bg7 4. Be2 O-O 5. O-O d6 6. c4 Nc6 7. b3 Nd7 8. Bb2 e5 9. dxe5 dxe5 10. Nc3 e4 11. Nd4 Nxd4 12. exd4 f5 13. Re1 Nf6 14. Bf1 Ng4 15. h3 Nxf2 16. Kxf2 Bxd4+ 17. Ke2 f4 18. Qd2 e3 19. Qd1 c5 20. Na4 Bxh3 21. gxh3 f3+ 22. Kd3 Bxb2+ 23. Kc2 Bxa1 24. Qxa1 Qd2+ 0-1

[Event "Late-Titled-Tuesday-Blitz-September-12-2023"]
[Site "Chess.com"]
[Date "2023.09.12"]
[Round "11"]
[White "aNaartjieZA"]
[Black "HrvojeZagreb"]
[Result "1-0"]
[WhiteElo "2449"]
[BlackElo "2288"]
[TimeControl "180+1"]
[EndTime "15:57:33 PDT"]
[Termination "aNaartjieZA won by resignation"]

1. e4 c5 2. Nf3 a6 3. g3 Nc6 4. Bg2 e5 5. O-O d6 6. c3 g6 7. d4 Qc7 8. a4 Bg7 9. d5 Nce7 10. Na3 h6 11. Nc4 f5 12. Nfd2 Nf6 13. f4 exf4 14.
e5 fxg3 15. hxg3 dxe5 16. d6 Qb8 17. dxe7 Kxe7 18. Nxe5 Rd8 19. Qe2 Ne4 20. Nxg6+ Ke8 21. Nxe4 1-0

[Event "Late-Titled-Tuesday-Blitz-September-12-2023"]
[Site "Chess.com"]
[Date "2023.09.12"]
[Round "11"]
[White "CFalcons8"]
[Black "cthulhuuu"]
[Result "0-1"]
[WhiteElo "2284"]
[BlackElo "2453"]
[TimeControl "180+1"]
[EndTime "15:57:51 PDT"]
[Termination "cthulhuuu won by resignation"]

1. e4 d6 2. d4 Nf6 3. Nc3 c6 4. f3 e5 5. dxe5 dxe5 6. Qxd8+ Kxd8 7. Bg5 Be6 8. a3 Nd7 9. Nge2 Kc7 10. O-O-O a5 11.
Ng3 b5 12. Kb1 Nc5 13. f4 b4 14. fxe5 Ng4 15. Be2 bxc3 16. Bxg4 Bxg4 17. Rdf1 Be6 18.
bxc3 Na4 19. Kc1 h6 20. Be3 Rd8 21. Ne2 Bxa3+ 22. Kb1 Rb8+ 0-1

[Event "Late-Titled-Tuesday-Blitz-September-12-2023"]
[Site "Chess.com"]
[Date "2023.09.12"]
[Round "11"]
[White "FeketeBarika"]
[Black "EnvigadoCity"]
[Result "1-0"]
[WhiteElo "2364"]
[BlackElo "2168"]
[TimeControl "180+1"]
[EndTime "15:58:02 PDT"]
[Termination "FeketeBarika won by resignation"]

1. Nf3 d5 2. g3 Bg4 3. Bg2 Nd7 4. c4 c6 5. h3 Bxf3 6. Bxf3 Ne5 7. cxd5 Nxf3+ 8.
exf3 Qxd5 9. Nc3 Qd7 10. d4 O-O-O 11. Be3 Nf6 12. Qa4 Kb8 13. d5 b5 14. dxc6 bxa4 15. cxd7 Rxd7 16. Nxa4 e5 17. Ke2 Bb4 18. a3 Ba5 19.
Nc5 Rd5 20. Rhd1 Rhd8 21. Rxd5 Nxd5 22. Rd1 Kc7 23. Ne4 f5 24. Ng5 Kc6 25. Nf7 Re8 26.
Rc1+ Kb7 27. Nd6+ 1-0

[Event "Late-Titled-Tuesday-Blitz-September-12-2023"]
[Site "Chess.com"]
[Date "2023.09.12"]
[Round "11"]
[White "RichardLeyvaP"]
[Black "zverr1"]
[Result "0-1"]
[WhiteElo "2624"]
[BlackElo "2523"]
[TimeControl "180+1"]
[EndTime "15:58:37 PDT"]
[Termination "zverr1 won by resignation"]

1. e4 c5 2. Nf3 d6 3. d4 cxd4 4. Nxd4 Nf6 5. Nc3 a6 6. Bc4 e6 7. Bb3 Nbd7 8. Bg5 Nc5 9. Qe2 Be7 10. O-O-O Nfxe4 11. Bxe7 Nxc3 12. Qg4 Qxe7 13. Qxg7 Qf8 14. Qxf8+ Kxf8 15. bxc3 Rg8 16. g3 Ne4 17. Rdf1 Nxc3 18. f4 d5 19. Kb2 Ne4 20. Re1 f5 21. c4 Nf2 22. cxd5 Nxh1 23. Rxh1 exd5 24. Re1 Rg7 25. Re5 Re7 26. Rxd5 Bd7 27. Nxf5 Bxf5 28. Rxf5+ Kg7 29.
Ka3 h6 30. Rc5 Rd8 31. f5 Rd2 32. h4 Rg2 33. Rc3 Kf6 34. Be6 Rg7 35. Kb4 R2xg3 36. Rc8 R7g4+ 37. Kc5 Rc3+ 0-1

[Event "Late-Titled-Tuesday-Blitz-September-12-2023"]
[Site "Chess.com"]
[Date "2023.09.12"]
[Round "11"]
[White "fyall777"]
[Black "younix2022"]
[Result "1-0"]
[WhiteElo "2561"]
[BlackElo "2059"]
[TimeControl "180+1"]
[EndTime "15:58:38 PDT"]
[Termination "fyall777 won on time"]

1. d4 d5 2. c4 dxc4 3. Nf3 c6 4.
e4 b5 5. Bxc4 bxc4 6. Ne5 Qa5+ 7. Nc3 e6 8. Qh5 g6 9. Qf3 Qc7 10. Bf4 Bd6 11. Nxf7 Bxf4 12. Nxh8 Bh6 13. e5 Bg7 14.
Ne4 Bxh8 15. Nd6+ Qxd6 16. exd6 Nd7 17. Qxc6 Rb8 18. O-O Bxd4 19. Rae1 e5 20. Qxc4 Ngf6 21. Qxd4 Kf7 22. Rxe5 Nxe5 23. Qxe5 Rb7 24. Re1 Bf5 25. h3 h5 26. b4 Rd7 27. b5 h4 28. a4 1-0